 Dungeon Crawl Stone Soup version 0.29-a0-284-gf9362112df (webtiles) character file.

Game seed: 6490942784154973976

2121 spaghetti the Fighter (level 9, 0/102 HPs)
             Began as an Ogre Gladiator on Mar 25, 2022.
             Was a Priest of Cheibriados.
             Slain by a yak (4 damage)
             ... on level 6 of the Dungeon.
             The game lasted 00:14:51 (9280 turns).

spaghetti the Fighter (Ogre Gladiator)              Turns: 9280, Time: 00:14:52

Health: 0/102      AC:  7    Str: 32    XL:     9   Next: 29%
Magic:  6/9        EV: 12    Int: 17    God:    Cheibriados [***...]
Gold:   158        SH:  0    Dex: 18    Spells: 0/8 levels left

rFire   + . .      SeeInvis .   c - +0 dagger (venom) {short}
rCold   . . .      Faith    .   (no shield)
rNeg    . . .      Spirit   .   a - +0 robe
rPois   .          Reflect  .   b - +0 hat
rElec   .          Harm     .   (no cloak)
rCorr   .          Rampage  .   (gloves unavailable)
Will    .....                   (boots unavailable)
Stlth   +.........              (no amulet)
HPRegen 0.27/turn               f - +4 ring of protection
MPRegen 0.11/turn               m - ring of protection from fire

@: about to teleport, silenced, very slow
A: large, unfitting armour, tough skin 1
a: Renounce Religion


You were on level 6 of the Dungeon.
You worshipped Cheibriados.
Cheibriados was most pleased with you.
You visited 1 branch of the dungeon, and saw 6 of its levels.

You collected 272 gold pieces.
You spent 114 gold pieces at shops.


Innate Abilities, Weirdness & Mutations

You are too large for most types of armour.
You have tough skin. (AC +1)


   Skills:
 + Level 10.4 Fighting
 + Level 7.6 Throwing
 + Level 4.3 Dodging
 - Level 3.9 Unarmed Combat
 - Level 1.1 Translocations
 + Level 1.0 Transmutations


You couldn't memorise any spells.
You knew the following spells:

 Your Spells              Type           Power      Damage    Failure   Level
a - Portal Projectile     Hex/Tloc       2%         N/A       50%         3
b - Blade Hands           Tmut           1%         N/A       99%         5

Your spell library contained the following spells:

 Spells                   Type           Power      Damage    Failure   Level
 Stone Arrow              Conj/Erth      0%         3d7       56%         3
 Animate Armour           Summ/Erth      0%         N/A       93%         4
 Excruciating Wounds      Necr           0%         N/A       100%        5
 Lehudib's Crystal Spear  Conj/Erth      0%         10d2      100%        8

Inventory:

Hand Weapons
 c - a +0 dagger of venom (weapon) {short}
   (You took it off a kobold on level 2 of the Dungeon)
 s - a +1 dagger of flaming {short}
   (You took it off an orc on level 3 of the Dungeon)
 t - a +0 giant spiked club {mace}
   (You took it off an ogre on level 3 of the Dungeon)
 y - a +3 dagger {short}
   (You took it off an orc on level 5 of the Dungeon)
Missiles
 e - 2 throwing nets {=f!fthrowing}
 g - 99 stones (quivered) {throwing}
 q - 7 boomerangs {throwing}
 w - 5 silver javelins {throwing}
 z - a large rock {=fthrowing}
 A - 2 poisoned darts {throwing}
Armour
 a - a +0 robe (worn)
 b - a +0 hat (worn)
Jewellery
 f - a +4 ring of protection (left hand)
   (You found it on level 1 of the Dungeon)
 m - a ring of protection from fire (right hand)
   (You found it on level 5 of the Dungeon)
 p - a ring of fire
   (You found it on level 2 of the Dungeon)
 r - a ring of protection from cold
   (You found it on level 5 of the Dungeon)
Wands
 u - a wand of flame (1)
   (You found it on level 4 of the Dungeon)
 v - a wand of polymorph (10)
   (You took it off an orc on level 5 of the Dungeon)
Scrolls
 h - a scroll of teleportation {@r4}
 k - 2 scrolls of holy word
 l - a scroll of noise {!r}
 n - 2 scrolls of enchant armour
 o - 2 scrolls of vulnerability {!r!r}
 x - a scroll of enchant weapon
 D - a scroll of fog
Potions
 d - a potion of lignification {!q}
 i - a potion of magic
 j - 2 potions of might
 C - a potion of flight

Dungeon Overview and Level Annotations

Branches:
Dungeon (6/15)             Temple (0/1) D:6

Altars:
Ashenzari
Cheibriados
Qazlal
The Shining One

Shops:
D:2 [ D:3

?!* ########## ###
#......##. #.####
#......##.
#....####.........
#.##.#............
#.##.#....)......#
#†##.#######..##.#
#@##.....###..##..
#Y###.....#...##..
#(( #.....#..###..
#(..##............
#(..+......#..##.#
#(..##............
#(..####......##.#
#(... .........#.#
.......>.....


You could see a yak.


Message History

You throw a stone {throwing}.
The stone {throwing} hits the yak but does no damage.
You throw a stone {throwing}.
The stone {throwing} hits the yak but does no damage.
You throw a stone {throwing}.
The stone {throwing} hits the yak but does no damage.
You throw a stone {throwing}. The stone {throwing} hits the yak.
You throw a stone {throwing}. The stone {throwing} hits the yak.
You hit the yak.
The yak is poisoned.
The yak gores you!
You barely miss the yak. The yak gores you.
You hit the yak but do no damage.
The yak looks as sick as possible!
The yak gores you but does no damage. 😕 HP[-13]
You take 13 damage, and now have 87/100 hp.
You hit the yak but do no damage. The yak gores you!
You are too injured to fight recklessly! 😕 HP[-7]
You take 7 damage, and now have 80/100 hp.
You are too injured to fight recklessly!
You are too injured to fight recklessly!
You are too injured to fight recklessly!
You are too injured to fight recklessly!
You are too injured to fight recklessly!
You are too injured to fight recklessly!
You are too injured to fight recklessly!
You are too injured to fight recklessly!
You are too injured to fight recklessly!
You are too injured to fight recklessly!
You are too injured to fight recklessly!
You are too injured to fight recklessly!
You are too injured to fight recklessly!
You are too injured to fight recklessly!
You are too injured to fight recklessly!
You are too injured to fight recklessly!
You are too injured to fight recklessly!
You are too injured to fight recklessly!
You are too injured to fight recklessly!
Unknown command.
You hit the yak but do no damage.
The yak looks as sick as possible!
The yak gores you! 😮 HP[-15]
You take 15 damage, and now have 65/100 hp.
You hit the yak.
The yak looks as sick as possible!
The yak closely misses you. 😮 HP[+1]
You hit the yak but do no damage.
The yak looks as sick as possible!
You punch the yak, but do no damage. The yak gores you. 😮 HP[-3]
You take 3 damage, and now have 63/100 hp.
You completely miss the yak. The yak barely misses you.
You hit the yak but do no damage.
The yak looks as sick as possible!
The yak gores you. 😮 HP[-4]
You take 4 damage, and now have 59/100 hp.
You hit the yak but do no damage.
The yak looks as sick as possible!
The yak gores you! 😮 HP[-6]
You take 6 damage, and now have 53/100 hp.
You hit the yak.
The yak looks as sick as possible!
The yak barely misses you.
You hit the yak. The yak gores you!
* * * LOW HITPOINT WARNING * * *
😨 HP[-11]
You take 11 damage, and now have 42/100 hp.
You hit the yak but do no damage.
The yak looks as sick as possible!
The yak barely misses you. 😨 HP[+1]
You hit the yak.
The yak looks as sick as possible!
The yak gores you.
* * * LOW HITPOINT WARNING * * *
😨 HP[-5]
You take 5 damage, and now have 38/100 hp.
You hit the yak but do no damage.
The yak looks as sick as possible!
The yak gores you!
* * * LOW HITPOINT WARNING * * *
😱 HP[-14]
You take 14 damage, and now have 24/100 hp.
The flow of time bends around you.
The yak resists with some effort.
The yak gores you!
* * * LOW HITPOINT WARNING * * *
😱 HP[-14] MP[-3]
You take 14 damage, and now have 10/100 hp.
You lost 3 mp, and now have 6/9 mp.
As you read the scroll of teleportation {@r4}, it crumbles to dust.
You feel strangely unstable. The yak gores you!
* * * LOW HITPOINT WARNING * * *
😱 HP[-6]
You take 6 damage, and now have 4/100 hp.
Okay, then.
Aiming: Throw Flame
Press: ? - help, Shift-Dir - straight line, f/p - yak
Aim: a yak (heavily wounded, 81% to hit)
The puff of flame hits the yak.
You kill the yak!
Cheibriados thoroughly appreciates the change of pace.
Your life force feels restored.
Your Transmutations skill increases to level 1!
You now have 102 max hp (+2).
Okay, then.
As you read the scroll labelled ASAKLU WAN, it crumbles to dust.
A profound silence engulfs you.
It was a scroll of silence.
The yak gores you.
You die...

Skill      XL: |  1  2  3  4  5  6  7  8  9 |
---------------+----------------------------+-----
Unarmed Combat | 3 |  3.9
Fighting       | 3 4 5 6 8 10 | 10.4
Throwing       | 3 4 5 7 |  7.6
Dodging        | 3 4 |  4.3
Translocations | 1 |  1.1
Transmutations | 1 |  1.0

Action                   |  1- 3 |  4- 6 |  7- 9 || total
-------------------------+-------+-------+-------++-------
Melee: Unarmed           |    83 |       |       ||    83
       Dagger            |    16 |   139 |   306 ||   461
       Punch             |     1 |     6 |     7 ||    14
Throw: Throwing net      |     4 |     1 |     1 ||     6
       Stone             |    32 |    86 |   119 ||   237
       Large rock        |     1 |       |     1 ||     2
Invok: Bend Time         |       |       |     8 ||     8
Evoke: Wand              |       |       |    12 ||    12
  Use: Scroll            |     5 |     4 |     9 ||    18
       Potion            |     3 |       |    11 ||    14
 Stab: Sleeping          |     2 |       |       ||     2
Armor: Robe              |    43 |    52 |   149 ||   244
       Skin              |       |       |     7 ||     7
Dodge: Dodged            |    63 |    62 |   259 ||   384

Levels and vault maps discovered:
D:1:      lemuel_arrival_room, layout_basic
D:2:      layout_rooms, serial_shops, shop_fountains
D:3:      layout_basic, serial_shops, shop, nicolae_shop_hallway_plus,
          nicolae_square_shop, chequers_ecumenical_altar_twisty,
          minmay_misc_feat_rows, minmay_misc_feat_iff, dk_vineyard_1
D:4:      layout_basic, nicolae_overflow_hidden_temple,
          roderic_cross_of_infinity, grunt_ministairs_13,
          minmay_misc_feat_rugged, kennysheep_generic_room_14, uniq_eustachio
D:5:      layout_basic, nicolae_tso_besieged_by_evil,
          chequers_temple_overflow_statue_of_worship, kennysheep_big_empty_room,
          amcnicky_mini_rare_corridor_liquid, minmay_misc_feat_five
D:6:      layout_basic, lemuel_crystal_altar, temple_pool_b, chequers_avenue,
          uniq_edmund

Notes
Turn   | Place    | Note
-------+----------+-------------------------------------------
     0 | D:1      | spaghetti the Ogre Gladiator began the quest for the Orb.
     0 | D:1      | Reached XP level 1. HP: 22/22 MP: 1/1
     0 | D:1      | magus.rc [v1.9.6]
   101 | D:1      | Reached skill level 3 in Unarmed Combat
   247 | D:1      | Reached XP level 2. HP: 13/29 MP: 2/2
   704 | D:1      | Reached XP level 3. HP: 32/36 MP: 3/3
  1320 | D:2      | Found Duudghaci's Antique Armour Shop.
  1366 | D:2      | HP: 9/36 [poisoned by a kobold]
  1653 | D:2      | Reached skill level 3 in Fighting
  1800 | D:2      | Reached XP level 4. HP: 41/48 MP: 4/4
  1923 | D:2      | You pick up a book of Weapons and begin reading...
  1923 | D:2      | You add the spells Portal Projectile, Excruciating Wounds
                  | and Blade Hands to your library.
  1937 | D:2      | Learned a level 3 spell: Portal Projectile
  2410 | D:3      | Found Ruwigupu's Magic Scroll Shoppe.
  2423 | D:3      | Bought a scroll of enchant armour for 90 gold pieces
  2423 | D:3      | Bought a scroll of identify for 24 gold pieces
  2508 | D:3      | Found a faded altar of an unknown god.
  2510 | D:3      | Prayed at the altar of an unknown god.
  2510 | D:3      | Became a worshipper of Cheibriados the Contemplative
  2510 | D:3      | Reached * piety under Cheibriados
  2625 | D:3      | Reached skill level 4 in Fighting
  2719 | D:3      | Reached XP level 5. HP: 43/55 MP: 5/5
  2931 | D:3      | Noticed an ogre
  2942 | D:3      | Killed an ogre
  2943 | D:3      | Reached skill level 5 in Fighting
  2943 | D:3      | Reached skill level 3 in Throwing
  2990 | D:3      | Found Zuet's Assorted Antiques.
  3331 | D:3      | Found Diwnuhy's Distillery.
  3416 | D:4      | Reached XP level 6. HP: 66/66 MP: 6/6
  3425 | D:4      | Noticed Eustachio
  3595 | D:4      | Reached ** piety under Cheibriados
  3838 | D:4      | Reached skill level 6 in Fighting
  4163 | D:4      | Killed Eustachio
  4164 | D:4      | Reached skill level 4 in Throwing
  4164 | D:4      | Reached XP level 7. HP: 59/76 MP: 7/7
  4187 | D:4      | Reached skill level 7 in Fighting
  4644 | D:5      | Entered Level 5 of the Dungeon
  4674 | D:5      | Found a glowing golden altar of the Shining One.
  5105 | D:4      | Reached skill level 5 in Throwing
  5144 | D:5      | HP: 19/78 [gnoll/+0 whip (3)]
  5149 | D:5      | HP: 16/78 [poisoned by an adder]
  5743 | D:5      | HP: 15/79 [something (8)]
  5748 | D:5      | HP: 14/79 [something (1)]
  5754 | D:5      | HP: 9/79 [something (4)]
  6140 | D:6      | Reached skill level 8 in Fighting
  6161 | D:6      | Reached *** piety under Cheibriados
  6362 | D:5      | Reached XP level 8. HP: 48/88 MP: 4/8
  6617 | D:5      | Found a stormy altar of Qazlal.
  6618 | D:5      | Found a broken altar of Ashenzari.
  6685 | D:5      | Reached skill level 6 in Throwing
  7350 | D:5      | Reached skill level 9 in Fighting
  7350 | D:5      | HP: 23/92 [poisoned by a killer bee]
  7356 | D:5      | HP: 16/92 [killer bee (5)]
  7358 | D:5      | HP: 4/92 [killer bee (5)]
  8102 | D:6      | Reached skill level 3 in Dodging
  8149 | D:6      | Found a staircase to the Ecumenical Temple.
  8152 | D:6      | You pick up a book of Armaments and begin reading...
  8152 | D:6      | You add the spells Stone Arrow, Animate Armour and
                  | Lehudib's Crystal Spear to your library.
  8164 | D:6      | Reached skill level 7 in Throwing
  8660 | D:6      | Noticed Edmund
  8690 | D:6      | Killed Edmund
  8691 | D:6      | Reached skill level 10 in Fighting
  8691 | D:6      | Reached XP level 9. HP: 40/90 MP: 3/9
  8965 | D:6      | Learned a level 5 spell: Blade Hands
  9004 | D:6      | Reached skill level 4 in Dodging
  9157 | D:6      | Reached skill level 1 in Translocations
  9276 | D:6      | HP: 24/100 [yak (14)]
  9277 | D:6      | HP: 10/100 [yak (14)]
  9278 | D:6      | HP: 4/100 [yak (7)]
  9280 | D:6      | Reached skill level 1 in Transmutations
  9280 | D:6      | Slain by a yak

Vanquished Creatures
  2 yaks (D:6)
  Eustachio (D:4)
  Edmund (D:6)
  A water moccasin (D:6)
  A sky beast (D:6)
  A black bear (D:5)
  2 ogres
  A gnoll sergeant (D:5)
  A bullfrog (D:4)
  6 killer bees
  A jelly (D:4)
  A quasit (D:5)
  3 hounds
  2 gnoll shamans (D:5)
  2 orc priests (D:6)
  3 iguanas
  3 orc wizards
  8 adders
  15 gnolls
  3 worms
  A dart slug (D:2)
  16 orcs
  8 ball pythons
  8 bats
  3 endoplasms
  2 giant cockroaches (D:2)
  4 goblins
  5 hobgoblins
  A quokka (D:1)
  5 frilled lizards
  2 goblin zombies (D:5)
  3 hobgoblin zombies (D:5)
  7 kobolds
  A kobold skeleton (D:5)
  2 orc skeletons (D:5)
  8 rats
134 creatures vanquished.

Table legend:
 A = Non-vault XP
 B = Vault XP
 C = Vault XP percentage of total XP
 D = Non-vault monster count
 E = Vault monster count
 F = Vault count percentage of total count
                 A         B        C        D         E       F
            +---------+---------+-------+---------+---------+-------
      Total |    2598 |     433 |  14.3 |     119 |      15 |  11.2
            +---------+---------+-------+---------+---------+-------
        D:1 |      48 |       0 |   0.0 |      25 |       0 |   0.0
        D:2 |      55 |       0 |   0.0 |      17 |       0 |   0.0
        D:3 |     212 |       0 |   0.0 |      12 |       0 |   0.0
        D:4 |     245 |     216 |  46.9 |      17 |       5 |  22.7
        D:5 |     818 |      53 |   6.1 |      25 |       9 |  26.5
        D:6 |    1220 |     164 |  11.8 |      23 |       1 |   4.2
            +---------+---------+-------+---------+---------+-------

Illustrated notes

Table legend:
 A = Kills in this place as a percentage of kills in entire the game.
 B = Kills by you in this place as a percentage of kills by you in the entire game.
 C = Kills by friends in this place as a percentage of kills by friends in the entire game.
 D = Other kills in this place as a percentage of other kills in the entire game.
 E = Experience gained in this place as a percentage of experience gained in the entire game.
 F = Experience gained in this place divided by the number of levels of this place that you have seen.
                   A       B       C       D       E      F
               +-------+-------+-------+-------+-------+----------------------
         Total | 100.0 | 100.0 |   N/A |   N/A | 100.0 | 505.2
       Dungeon | 100.0 | 100.0 |   N/A |   N/A | 100.0 | 505.2
               +-------+-------+-------+-------+-------+----------------------

Table legend: (Time is in decaauts)
 A = Elapsed time spent in this place.
 B = Non-inter-level travel time spent in this place.
 C = Inter-level travel time spent in this place.
 D = Time resting spent in this place.
 E = Time spent auto-exploring this place.
 F = Levels seen in this place.
 G = Mean time per level.
                   A        B        C        D        E       F      G
               +--------+--------+--------+--------+--------+-----+--------+
         Total |  10508 |   9927 |    581 |   2787 |   5831 |   6 | 1751.3 |
       Dungeon |  10508 |   9927 |    581 |   2787 |   5831 |   6 | 1751.3 |
               +--------+--------+--------+--------+--------+-----+--------+

Top non-repeatable levels by time:
     D:4: 2422 daAuts
     D:5: 2400 daAuts
     D:6: 2000 daAuts
     D:3: 1299 daAuts
     D:1: 1297 daAuts
     D:2: 1089 daAuts
